 Dungeon Crawl Stone Soup version 0.30-a0-1018-g25214051b3 (webtiles) character file.

Game seed: 17075187836314619807

212 mandarbmax the Gusty (level 5, 0/28 HPs)
             Began as a Tengu Air Elementalist on Apr 7, 2023.
             Slain by a gnoll
             ... wielding a +0 halberd
              (10 damage)
             ... on level 3 of the Dungeon.
             The game lasted 00:05:25 (3481 turns).

mandarbmax the Gusty (Tengu Air Elementalist)       Turns: 3481, Time: 00:05:25

Health: 0/28       AC:  2    Str:  8    XL:     5   Next: 89%
Magic:  2/11       EV: 14    Int: 18    God:
Gold:   224        SH:  0    Dex: 14    Spells: 4/11 levels left

rFire   . . .      SeeInvis .    d - +0 dagger
rCold   + . .      Faith    .    (no shield)
rNeg    . . .      Spirit   .    a - +0 robe
rPois   +          Reflect  .    (helmet restricted)
rElec   .          Rampage  .    (no cloak)
rCorr   .                        (no gloves)
Will    .....                    (boots unavailable)
Stlth   ++                       (no amulet)
HPRegen 0.24/turn                h - ring of protection from cold
MPRegen 0.12/turn                s - ring of poison resistance

@: flying quickly and evasively, quick
A: beak, talons 3, nimble flight
a: no special abilities


You were on level 3 of the Dungeon.
You visited 1 branch of the dungeon, and saw 4 of its levels.

You collected 224 gold pieces.

Inventory:

Hand Weapons
 d - a +0 dagger (weapon)
Armour
 a - a +0 robe (worn)
Jewellery
 h - a ring of protection from cold (left hand)
 s - a ring of poison resistance (right hand)
Scrolls
 c - 5 scrolls of identify {unknown}
 e - a scroll of torment {unknown}
 m - 2 scrolls of teleportation {unknown}
 n - a scroll of brand weapon {unknown}
 o - a scroll of fog {unknown}
 p - a scroll of poison {unknown}
Potions
 b - a potion of magic
 f - a potion of mutation {unknown}
 g - 2 potions of ambrosia {unknown}
 i - a potion of curing {unknown}
 j - a potion of degeneration {unknown}
 k - 3 potions of lignification {unknown}
 l - a potion of heal wounds {unknown}
 q - a potion of might {unknown}
 r - a potion of berserk rage {unknown}
 t - a potion of flight {unknown}
 u - a potion of brilliance {unknown}


   Skills:
 - Level 2.1 Dodging
 - Level 2.0 Stealth
 * Level 3.6 Spellcasting
 + Level 4.1 Conjurations
 * Level 5.9 Air Magic


You had 4 spell levels left.
You knew the following spells:

 Your Spells              Type           Power      Damage    Failure   Level
a - Shock                 Conj/Air       84%        1d8       1%          1
b - Static Discharge      Conj/Air       42%        2-4/arc   3%          2
c - Airstrike             Air            12%        2d(2-18)  14%         4

Your spell library contained the following spells:

 Spells                   Type           Power      Damage    Failure   Level
 Swiftness                Air            24%        N/A       4%          3


Dungeon Overview and Level Annotations

Branches:
Dungeon (4/15)
 Temple: D:4-7

Altars:
Gozag
Nemelex Xobeh


Innate Abilities, Weirdness & Mutations

You have a beak for a mouth.
You have claws for feet.
Your magical nature lets you fly swiftly and evasively.


Message History

The zap hits the gnoll.
The gnoll is almost dead.
The zap hits the gnoll.
The gnoll is almost dead.
The gnoll hits you from afar with a +0 spear!
Unknown command.
Casting: Shock (safe; 2% risk of failure)
Confirm with . or Enter, or press ? or * to list all spells.
Aiming: Shock (safe; 2% risk of failure)
Press: ? - help, Shift-Dir - straight line, f/p - gnoll
Aim: a gnoll, wielding a +0 halberd of freezing (severely wounded, 75% to hit)
The zap misses the gnoll.
The zap hits the gnoll but does no damage.
The zap hits the gnoll.
You kill the gnoll!
The gnoll closely misses you.
Casting: Shock (safe; 1% risk of failure)
Confirm with . or Enter, or press ? or * to list all spells.
Aiming: Shock (safe; 1% risk of failure)
Press: ? - help, Shift-Dir - straight line, f - gnoll
Aim: a gnoll, wielding a +0 flail (almost dead, 75% to hit)
The zap hits the gnoll.
You kill the gnoll!
The zap hits the gnoll.
You kill the gnoll!
The gnoll barely misses you.
Casting: Shock (safe; 1% risk of failure)
Confirm with . or Enter, or press ? or * to list all spells.
The gnoll is struck by an arc of lightning.
The gnoll is moderately wounded.
You are struck by an arc of lightning.
The lightning grounds out.
The gnoll misses you.
Unknown command.
Casting: Static Discharge (safe; 3% risk of failure)
Confirm with . or Enter, or press ? or * to list all spells.
The gnoll is struck by an arc of lightning.
The gnoll is heavily wounded.
You are struck by an arc of lightning.
The lightning grounds out.
The gnoll hits you with a +0 halberd!
You die...

....#### #.# ....#
#.# ###### . #.#
.....# .. #.#
.....# ... #.#
.....# .... #.#
.....# ..... #.#
###### ...?.)####
#.# # ....).g@.#
#.# # ########.#
#.# ## #...(##.#
#.# .#### #.##.##)#
#.# .##<# #.##.##.#
#.# .##.#
#####.##.##.# #.#
....###.....##....#
#.#
##......###########
#.# ###.......# #.#


You could see a gnoll.

Vanquished Creatures
  Natasha (thrice) (D:2)
  3 gnolls (D:3)
  3 adders
  2 worms (D:3)
  A dart slug (D:1)
  6 orcs
  5 ball pythons
  2 bats
  8 endoplasms
  7 giant cockroaches
  5 goblins
  A hobgoblin (D:1)
  4 jackals (D:2)
  4 quokkas
  A frilled lizard (D:2)
  A kobold (D:1)
  10 rats
66 creatures vanquished.

Notes
Turn   | Place    | Note
-------+----------+-------------------------------------------
     0 | D:1      | mandarbmax the Tengu Air Elementalist began the quest for
                  | the Orb.
     0 | D:1      | Reached XP level 1. HP: 10/10 MP: 4/4
   178 | D:1      | Reached XP level 2. HP: 15/15 MP: 3/6
   504 | D:1      | Found a faded altar of an unknown god.
   684 | D:1      | Learned a level 2 spell: Static Discharge
   939 | D:1      | Reached XP level 3. HP: 19/19 MP: 4/7
  1637 | D:2      | Noticed Natasha
  1643 | D:2      | Killed Natasha
  1644 | D:2      | Reached skill level 5 in Air Magic
  1644 | D:2      | Reached XP level 4. HP: 22/24 MP: 1/9
  1714 | D:2      | Noticed Natasha
  1720 | D:2      | Killed Natasha
  1798 | D:2      | Noticed Natasha
  1802 | D:2      | Killed Natasha
  1803 | D:2      | Gained mutation: Your magical nature lets you fly swiftly
                  | and evasively. [Tengu growth]
  1803 | D:2      | Reached XP level 5. HP: 24/28 MP: 5/10
  2615 | D:3      | You are sucked into a shaft and drop 1 floor!
  2626 | D:4      | Learned a level 4 spell: Airstrike
  2647 | D:4      | Found a sparkling altar of Nemelex Xobeh.
  3003 | D:3      | Found an opulent altar of Gozag.
  3481 | D:3      | Slain by a gnoll

Illustrated notes

Levels and vault maps discovered:
D:1:      dpeg_arrival_ratfight, layout_loops_ring,
          shapermc_ecumenical_altar_mp_urbaneastern
D:2:      layout_basic, chequers_serial_rivers_small_b, uniq_natasha
D:3:      layout_basic, amcnicky_altar_gilded
D:4:      layout_rooms, nemelex_dance_club_becter, minmay_hedge_maze

Skill      XL: |  1  2  3  4  5 |
---------------+----------------+-----
Conjurations   | 2 3 4 |  4.1
Air Magic      | 5 |  5.9
Spellcasting   | 3 |  3.6
Dodging        | |  2.1
Stealth        | |  2.0

Action                     |  1- 3 |  4- 6 || total
---------------------------+-------+-------++-------
  Melee: Dagger            |       |     2 ||     2
         Peck              |       |     1 ||     1
   Cast: Shock             |    63 |    66 ||   129
         Static Discharge  |     1 |    10 ||    11
 Armour: Robe              |     2 |       ||     2
  Dodge: Dodged            |     5 |     9 ||    14

Table legend: (Time is in decaauts)
 A = Elapsed time spent in this place.
 B = Non-inter-level travel time spent in this place.
 C = Inter-level travel time spent in this place.
 D = Time resting spent in this place.
 E = Time spent auto-exploring this place.
 F = Levels seen in this place.
 G = Mean time per level.
                   A        B        C        D        E       F      G
               +--------+--------+--------+--------+--------+-----+--------+
         Total |   3371 |   3276 |     95 |      0 |   2959 |   4 |  842.8 |
       Dungeon |   3371 |   3276 |     95 |      0 |   2959 |   4 |  842.8 |
               +--------+--------+--------+--------+--------+-----+--------+

Top non-repeatable levels by time:
     D:2: 1314 daAuts
     D:1: 1238 daAuts
     D:3: 702 daAuts
     D:4: 117 daAuts
